 Dungeon Crawl Stone Soup version 0.30.1 (webtiles) character file.

Game seed: 2183491901260205643

148 cdecastro the Trooper (level 5, 0/66 HPs)
             Began as a Merfolk Transmuter on July 2, 2023.
             Succumbed to a scorpion's poison
             ... on level 4 of the Dungeon.
             The game lasted 00:06:01 (2333 turns).

cdecastro the Trooper (Merfolk Transmuter)          Turns: 2333, Time: 00:06:02

Health: 0/66       AC: 22    Str: 11    XL:     5   Next: 30%
Magic:  8/8        EV:  2    Int: 14    God:
Gold:   72         SH:  0    Dex: 14    Spells: 5/8 levels left

rFire   . .          .
                       - Unarmed
rCold   . . .        (no shield)
rNeg    . . .        a - melded +0 robe
rPois   +            (helmet currently unavailable)
rElec   .            (cloak currently unavailable)
rCorr   .            (gloves currently unavailable)
SInv    .            t - melded +0 pair of boots
Will    +....        (no amulet)
Stlth   +            k - ring of willpower
HPRegen 0.31/turn    (no ring)
MPRegen 0.11/turn

%: no passive effects
@: lethally poisoned (0 -> -17), tree-form
A: stationary, stasis, torment immunity, boosted hp, (nimble swimmer 2),
(mertail)
a: no special abilities


You were on level 4 of the Dungeon.
You were a tree.
You visited 1 branch of the dungeon, and saw 4 of its levels.

You collected 72 gold pieces.

Inventory:

Missiles
 c - 6 poisoned darts
 n - 2 throwing nets
Armour
 a - a +0 robe (melded)
 t - a +0 pair of boots (melded)
Jewellery
 k - a ring of willpower (left branch)
Wands
 j - a wand of mindburst (21)
 s - a wand of acid (11)
Scrolls
 f - 2 scrolls of magic mapping {unknown}
 g - 3 scrolls of identify {unknown}
 i - a scroll of immolation {unknown}
 l - a scroll of blinking {unknown}
 o - 2 scrolls of poison {unknown}
 p - a scroll of teleportation {unknown}
Potions
 d - a potion of ambrosia {unknown}
 e - 3 potions of flight {unknown}
 h - 2 potions of curing {unknown}
 m - 2 potions of might {unknown}
 q - a potion of mutation {unknown}
 r - a potion of resistance {unknown}


   Skills:
 * Level 5.3 Fighting
 - Level 2.6 Dodging
 - Level 3.3 Unarmed Combat
 - Level 2.0 Spellcasting
 - Level 3.0 Transmutations


You had 5 spell levels left.
You knew the following spells:

 Your Spells              Type           Power      Damage    Failure   Level
a - Beastly Appendage     Tmut           18%        N/A       7%          1
b - Wereblood             Tmut           9%         N/A       11%         2

Your spell library contained the following spells:

 Spells                   Type           Power      Damage    Failure   Level
 Ensorcelled Hibernation  Hex/Ice        2%         N/A       34%         2
 Spider Form              Tmut/Pois      5%         N/A       36%         3
 Inner Flame              Hex/Fire       1%         N/A       56%         3
 Ice Form                 Ice/Tmut       5%         N/A       77%         4
 Anguish                  Hex/Necr       0%         N/A       93%         4
 Yara's Violent Unravell  Hex/Tmut       2%         3d3       98%         5
 Enfeeble                 Hex            0%         N/A       100%        7


Dungeon Overview and Level Annotations

Branches:
Dungeon (4/15)
 Temple: D:4-7

Altars:

Shops:
D:1 :?(*


Innate Abilities, Weirdness & Mutations

You are a tree.
Your roots penetrate the ground, keeping you stationary.
You cannot be teleported.
You are immune to unholy pain and torment.
Your maximum health is greatly increased.
Your equipment is partially melded.
((You are very nimble when in or above water. (Stealth+, EV+, Speed+++)))
((Your lower body shifts to a powerful aquatic tail in water.))


Message History

You hit the scorpion but do no damage. Your headbutt misses the scorpion.
The scorpion is moderately wounded.
You feel very sick. The scorpion stings you. The scorpion barely misses you.
You hit the scorpion but do no damage.
The scorpion is moderately wounded.
You feel sick. The scorpion closely misses you.
You closely miss the scorpion. You headbutt the scorpion.
The scorpion is heavily wounded.
Your horns disappear.
Your +0 pair of boots unmelds from your body.
You feel sick. The scorpion stings you.
* * * LOW HITPOINT WARNING * * *
You hit the scorpion.
The scorpion is heavily wounded.
You feel sick. The scorpion stings you.
* * * LOW HITPOINT WARNING * * *
You are more poisoned.
The scorpion poisons you!
You hit the scorpion.
The scorpion is heavily wounded.
* * * LOW HITPOINT WARNING * * *
You feel very sick. The scorpion stings you!
* * * LOW HITPOINT WARNING * * *
You are more poisoned.
The scorpion poisons you!
Really quaff the potion of lignification?
You turn into a tree.
Your +0 pair of boots melds into your body.
Your +0 robe melds into your body.
Your roots penetrate the ground.
* * * LOW HITPOINT WARNING * * *
You feel very sick.
The scorpion stings you but does no damage.
Unknown command.
Unknown command.
Unknown command.
You smack the scorpion!
You kill the scorpion!
You die...

#.................. ......
............# .....!
#..........##
.$....###.............
#.....................
#...........#...... #
###....#S........# ...
#...†##†###..#..####.g.
....#....##♣####...<.......
.........#..#.#..#....#...#
.....$...............## #
............#.###..###
...........##..##...#
#.......######..##..#
#.......# ##.##..#####
##...#..#####..##......#
#.###.................#


You could see a ball python.

Vanquished Creatures
  A scorpion (D:4)
  A howler monkey (D:3)
  A hound (D:4)
  An iguana (D:4)
  3 dart slugs
  An orc (D:3)
  6 ball pythons
  5 endoplasms
  3 giant cockroaches
  4 goblins
  3 hobgoblins
  3 jackals
  4 kobolds
  3 quokkas
  2 bats
  3 frilled lizards
  7 rats
51 creatures vanquished.

Notes
Turn   | Place    | Note
-------+----------+-------------------------------------------
     0 | D:1      | cdecastro the Merfolk Transmuter began the quest for the
                  | Orb.
     0 | D:1      | Reached XP level 1. HP: 15/15 MP: 3/3
   106 | D:1      | Found Hicvitim's Assorted Antiques.
   259 | D:1      | Reached XP level 2. HP: 22/22 MP: 3/5
   333 | D:1      | Reached skill level 2 in Fighting
   574 | D:1      | Found Wiqargho's Book Shoppe.
   671 | D:1      | Found Sozug's Magic Scroll Boutique.
   809 | D:1      | Found Jippieng's Weapon Shoppe.
  1367 | D:2      | Reached XP level 3. HP: 20/28 MP: 4/6
  1373 | D:2      | Reached skill level 3 in Fighting
  1570 | D:2      | Learned a level 2 spell: Wereblood
  1641 | D:3      | Reached skill level 4 in Fighting
  1641 | D:3      | Reached XP level 4. HP: 37/37 MP: 7/7
  2067 | D:4      | Noticed a scorpion
  2252 | D:4      | Reached skill level 5 in Fighting
  2252 | D:4      | Reached XP level 5. HP: 39/44 MP: 5/8
  2333 | D:4      | Succumbed to a scorpion's poison

Illustrated notes

Levels and vault maps discovered:
D:1:      dpeg_arrival_castle, layout_loops_corners, serial_shops,
          nicolae_shop_tiny_statue_garden, nicolae_shop_hallway_plus,
          nicolae_shop_real_fake_doors, shop, minmay_misc_feat_square
D:2:      minmay_evil_eye, layout_rooms
D:3:      layout_rooms, kennysheep_boxes
D:4:      layout_cave_pools

Skill      XL: |  1  2  3  4 |
---------------+-------------+-----
Transmutations | 3 |  3.0
Fighting       | 2 4 5 |  5.3
Dodging        | |  2.6
Unarmed Combat | |  3.3
Spellcasting   | |  2.0

Action                     |  1- 3 |  4- 6 || total
---------------------------+-------+-------++-------
  Melee: Unarmed           |    83 |    86 ||   169
         Headbutt          |    17 |    16 ||    33
         Punch             |       |     1 ||     1
   Cast: Beastly Appendage |    24 |    11 ||    35
         Wereblood         |       |     1 ||     1
    Use: Potion            |       |     1 ||     1
 Armour: Robe              |    27 |    17 ||    44
         Skin              |       |     1 ||     1
  Dodge: Dodged            |    54 |    54 ||   108
